 Dungeon Crawl Stone Soup version 0.25-a0-290-g4a1327ee3a (webtiles) character file.

Game seed: 13303127144226264997, levelgen mode: deterministic

235 MisterFreud the Vandal (level 6, -1/39 HPs)
             Began as a Halfling Hunter on Dec 13, 2019.
             Was a Follower of Uskayaw.
             Slain by Grinder (3 damage)
             ... on level 4 of the Dungeon.
             The game lasted 00:11:17 (3194 turns).

MisterFreud the Vandal (Halfling Hunter)            Turns: 3194, Time: 00:11:18

Health: -1/39      AC:  6    Str: 11 (14) XL:     6   Next: 26%
Magic:  6/6        EV: 15    Int:  8 (9)  God:    Uskayaw [*.....]
Gold:   227        SH:  0    Dex: 14 (16) Spells: 5/5 levels left

rFire    . . .     SeeInvis .   b - +0 short sword
rCold    + . .     Gourm    .   (shield restricted)
rNeg     . . .     Faith    .   c - +0 leather armour
rPois    .         Spirit   .   (no helmet)
rElec    .         Reflect  .   o - +0 cloak
rCorr    .         Harm     .   u - +0 pair of gloves
MR       .....                  k - +0 pair of boots
Stlth    ++........             j - amulet of the acrobat
HPRegen  0.13/turn              y - ring of protection from cold
MPRegen  0.10/turn              (no ring)

@: no status effects
A: small, mutation resistance 1
a: Stomp, Renounce Religion


You were on level 4 of the Dungeon.
You worshipped Uskayaw.
Uskayaw was noncommittal.
You were hungry.

You visited 1 branch of the dungeon, and saw 4 of its levels.

You collected 227 gold pieces.

Inventory:

Hand Weapons
 a - a +1 hunting sling
 b - a +0 short sword (weapon)
Missiles
 d - 31 sling bullets
 e - 103 stones (quivered)
 A - 4 boomerangs
Armour
 c - a +0 leather armour (worn)
 k - a +0 pair of boots (worn)
 o - a +0 cloak (worn)
 u - a +0 pair of gloves (worn)
 w - +0 gold dragon scales
Jewellery
 j - an amulet of the acrobat (around neck)
 y - a ring of protection from cold (left hand)
Scrolls
 i - 2 scrolls of remove curse
 m - 2 scrolls of teleportation
 n - a scroll of fear {unknown}
 q - 3 scrolls of immolation
 v - a scroll of blinking {unknown}
 x - 3 scrolls of identify {unknown}
 C - a scroll of enchant weapon {unknown}
Potions
 g - a potion of might {unknown}
 h - a potion of mutation {unknown}
 l - a potion of invisibility
 p - a potion of haste {unknown}
 r - a potion of heal wounds {unknown}
 s - a potion of curing {unknown}
 t - a potion of degeneration
 z - a potion of agility {unknown}
 B - a potion of cancellation {unknown}
Comestibles
 f - 12 rations


   Skills:
 - Level 1.7 Fighting
 - Level 4.0 Short Blades
 + Level 6.6 Slings
 + Level 3.1 Dodging
 - Level 4.2 Stealth


You had 5 spell levels left.
You didn't know any spells.
Your spell library was empty.

Dungeon Overview and Level Annotations

Branches:
Dungeon (4/15)
 Temple: D:4-7

Altars:
Fedhas
Okawaru
Uskayaw
Vehumet
Zin

Annotations:
D:4 Grinder


Innate Abilities, Weirdness & Mutations

You are small and have problems with some larger weapons.
You are somewhat resistant to further mutation.


Message History

You barely resist. You closely miss Grinder.
Grinder is heavily wounded.
Grinder hits you but does no damage.
You barely miss Grinder.
Grinder is heavily wounded.
Grinder gestures at you. Pain shoots through your body!
* * * LOW HITPOINT WARNING * * *
You can no longer pass through a line of other dancers.
Unknown command.
Unknown command.
Okay, then.
It was a potion of degeneration.
There was something very wrong with that liquid.
You feel weakened.
You feel dopey.
You feel clumsy. Grinder hits you.
* * * LOW HITPOINT WARNING * * *
You writhe in agony.
You die...

#....# ######### #....#
###.......######
#....####...#####......#
#....+.##...#####.####.#
#....#.##...##....(..#.###
#.#........##...(##.#...< ####
#.#.#.##...##.(...#.#..##
...######...#.####......_......#
................@5>(#.#.....####
...###....###.####..#.##[...#
...###....# #.# #..#.......#
####≈...≈.# #.# #..####.#### #
#≈≈5≈.## #.# #.......# # #.≈_≈≈#
#.# #.......# # #.≈≈≈..# #..
#.####### # #≈≈.≈≈...### #.# #
#.###....## #.#


You could see Grinder.

Vanquished Creatures
  Natasha (twice) (D:2)
  A worker ant (D:4)
  3 gnolls (D:4)
  5 adders
  2 oozes
  A worm (D:3)
  A leopard gecko (D:2)
  7 orcs (D:3)
  A ball python (D:3)
  3 giant cockroaches
  12 goblins
  6 hobgoblins
  4 quokkas
  7 bats
  5 frilled lizards
  5 kobolds
  7 rats
72 creatures vanquished.

Notes
Turn   | Place    | Note
-------+----------+-------------------------------------------
     0 | D:1      | MisterFreud the Halfling Hunter began the quest for the
                  | Orb.
     0 | D:1      | Reached XP level 1. HP: 14/14 MP: 1/1
     4 | D:1      | Noticed an electric eel
     4 | D:1      | Noticed an electric eel
   195 | D:1      | Reached skill level 1 in Short Blades
   277 | D:1      | Reached XP level 2. HP: 19/19 MP: 2/2
   578 | D:1      | Reached XP level 3. HP: 24/24 MP: 3/3
  1044 | D:2      | Reached XP level 4. HP: 29/29 MP: 4/4
  1210 | D:2      | Noticed Natasha
  1418 | D:2      | Found a radiant altar of Vehumet.
  1728 | D:2      | Killed Natasha
  1728 | D:2      | Reached XP level 5. HP: 26/34 MP: 5/5
  1837 | D:2      | Noticed Natasha
  1843 | D:2      | Killed Natasha
  2062 | D:3      | Reached skill level 6 in Slings
  2201 | D:3      | Found a hide-covered altar of Uskayaw.
  2214 | D:3      | Became a worshipper of Uskayaw the Reveler
  2311 | D:3      | Reached * piety under Uskayaw
  2395 | D:3      | Found an iron altar of Okawaru.
  2674 | D:4      | Reached XP level 6. HP: 39/39 MP: 6/6
  2677 | D:4      | Reached ** piety under Uskayaw
  2928 | D:4      | Found a blossoming altar of Fedhas.
  2950 | D:4      | Found a glowing silver altar of Zin.
  3005 | D:4      | Noticed an ogre
  3033 | D:4      | Noticed Grinder
  3194 | D:4      | Slain by Grinder

Levels and vault maps discovered:
D:1:      arrival_aquarium_b, layout_basic, chequers_hall_statues_y
D:2:      layout_loops_ring, vehumet_crystals, first_ration, hex_medium,
          uniq_natasha
D:3:      layout_rooms, kennysheep_okawaru_gauntlet,
          eat_drink_and_be_merry_uskayaw, wander_ebering_terrifying_dragon_lair
D:4:      layout_basic, nicolae_overflow_crystal_walls, fedhas_altar_2,
          uniq_grinder

Skill      XL: |  1  2  3  4  5  6 |
---------------+-------------------+-----
Short Blades   | 1 2 3 4 |  4.0
Stealth        | 2 3 4 |  4.2
Slings         | 6 |  6.6
Dodging        | 3 |  3.1
Fighting       | |  1.7

Action                   |  1- 3 |  4- 6 || total
-------------------------+-------+-------++-------
Melee: Short sword       |    35 |    85 ||   120
 Fire: Hunting sling     |    48 |   119 ||   167
Throw: Stone             |     3 |       ||     3
  Use: Scroll            |       |     3 ||     3
       Potion            |       |     1 ||     1
 Stab: Sleeping          |       |     3 ||     3
  Eat: Chunk             |       |     6 ||     6
Armor: Leather armour    |     4 |    13 ||    17
Dodge: Dodged            |    27 |    61 ||    88

Table legend:
 A = Non-vault XP
 B = Vault XP
 C = Vault XP percentage of total XP
 D = Non-vault monster count
 E = Vault monster count
 F = Vault count percentage of total count
                 A         B        C        D         E       F
            +---------+---------+-------+---------+---------+-------
      Total |     296 |      40 |  11.9 |      68 |       4 |   5.6
            +---------+---------+-------+---------+---------+-------
        D:1 |      30 |       0 |   0.0 |      17 |       0 |   0.0
        D:2 |     135 |      36 |  21.1 |      29 |       1 |   3.3
        D:3 |      56 |       4 |   6.7 |      18 |       3 |  14.3
        D:4 |      75 |       0 |   0.0 |       4 |       0 |   0.0
            +---------+---------+-------+---------+---------+-------
